Map: Ulrena

Players

Nolimit

  • Race: Zerg Zerg
  • League: Grandmaster

Miszu - Winner!

  • Race: Terran Terran
  • League: Master

VOD

Have the link to the VOD?

Description

Time

  • Played on: April 11, 2016, 3:02 p.m.
  • Length: 12:13
Show
View Real Time Build Order
Export as new Build Order

Nolimit Zerg 

Build Orders: Hatch First 

Get SALT Encoding   

  12  0:01  Drone  
  13  0:15  Overlord  
  13  0:20  Drone  
  14  0:34  Drone x2  
  16  0:38  Drone  
  17  0:56  Drone, Hatchery  
  17  0:59  Extractor  
  17  1:02  Drone  
  17  1:16  Spawning Pool  
  16  1:19  Drone  
  16  1:23  Drone  
  18  1:31  Drone  
  19  1:42  Overlord  
  19  2:03  Zergling x2, Queen  
  19  2:04  Metabolic Boost, Zergling x2  
  23  2:09  Queen  
  23  2:11  Zergling x2  
  26  2:20  Drone x2  
  28  2:26  Drone  
  29  2:34  Drone  
  30  2:38  Drone  
  30  2:43  Overlord  
  31  2:46  Drone  
  32  2:54  Drone  
  33  3:02  Drone  
  34  3:06  Hatchery  
  34  3:07  Queen  
  34  3:11  Drone x2  
  37  3:17  Drone  
  38  3:20  Drone  
  38  3:21  Drone x2  
  38  3:24  Overlord  
  41  3:30  Drone x2  
  41  3:31  Drone  
  44  3:37  Overlord  
  44  3:47  Drone x3  
  46  3:54  Roach Warren  
  43  3:59  Drone  
  44  4:05  Extractor  
  44  4:06  Extractor  
  44  4:09  Zergling x10  
  47  4:16  Lair  
  47  4:22  Spore Crawler  
  46  4:24  Drone x3  
  46  4:25  Drone x3  
  46  4:27  Queen  
  46  4:31  Drone  
  55  4:33  Overlord  
  55  4:34  Roach x2  
  55  4:35  Roach  
  61  4:40  Spore Crawler  
  61  4:43  Roach  
  62  4:48  Spore Crawler, Drone x3  
  64  4:53  Drone  
  64  4:57  Drone  
  64  4:58  Overlord  
  66  5:08  Overlord  
  66  5:12  Overlord  
  66  5:16  Spore Crawler  
  66  5:17  Glial Reconstitution  
  66  5:18  Evolution Chamber  
  66  5:19  Evolution Chamber  
  66  5:21  Drone x5  
  66  5:26  Drone x3  
  66  5:27  Drone  
  70  5:38  Drone x6  
  76  5:43  Drone  
  76  5:44  Ravager  
  76  5:45  Ravager x3  
  76  5:47  Drone x3  
  76  5:49  Extractor  
  83  5:50  Extractor  
  80  6:00  Queen  
  80  6:01  Drone x2  
  84  6:07  Zerg Missile Weapons Level 1, Zerg Ground Armor Level 1  
  84  6:10  Extractor  
  83  6:11  Overlord x3  
  83  6:29  Roach x4  
  83  6:30  Roach x5  
  101  6:35  Drone x3  
  103  6:53  Overlord x3  
  102  6:59  Overlord x3  
  102  7:08  Overlord x3  
  102  7:12  Roach x2  
  102  7:13  Roach x5  
  116  7:18  Roach x3  
  116  7:22  Drone  
  123  7:24  Roach x2  
  123  7:25  Roach x2  
  131  7:31  Spore Crawler  
  131  7:37  Roach x3  
  136  7:38  Roach  
  136  7:44  Overseer  
  138  7:46  Roach x3  
  138  7:47  Roach  
  138  7:49  Ravager x2  
  138  7:50  Ravager x3  
  150  7:55  Drone x4  
  150  8:01  Ravager x3, Hatchery  
  150  8:02  Ravager x4  
  156  8:08  Roach x3  
  156  8:09  Zergling x2  
  156  8:12  Zergling x6  
  133  8:32  Roach x9  
  125  8:38  Roach  
  125  8:39  Roach x3  
  120  8:46  Roach x3  
  105  8:52  Roach x3  
  108  8:57  Zerg Melee Weapons Level 1  
  108  9:01  Zerg Ground Armor Level 2  
  108  9:11  Ravager x3  
  108  9:13  Zergling x2  
  108  9:14  Zergling x10  
  108  9:16  Overseer  
  117  9:24  Ravager x2  
  117  9:26  Drone  
  117  9:28  Extractor  
  117  9:29  Drone x3  
  122  9:33  Roach x2  
  122  9:34  Roach  
  128  9:40  Ravager x2  
  128  9:41  Ravager  
  126  9:47  Roach  
  126  9:48  Roach x3  
  134  9:55  Drone x5  
  134  9:56  Drone x3  
  142  10:01  Roach x2  
  142  10:05  Overseer  
  146  10:07  Zergling x8  
  146  10:11  Ravager x2  
  146  10:12  Ravager  
  152  10:26  Zergling x24  
  164  10:32  Overlord x2  
  164  10:48  Infestation Pit  
  162  10:55  Zergling x28  
  162  10:56  Zergling x2  
  177  10:57  Ravager  
  177  10:58  Ravager x2  
  177  10:59  Ravager x2  
  177  11:00  Ravager  
  183  11:05  Overlord  
  183  11:12  Overlord x2  
  179  11:45  Zergling x32  
  195  11:47  Ravager  
  195  11:48  Ravager x4  
Show
View Real Time Build Order
Export as new Build Order

Miszu Terran - Winner!

Build Orders: Liberator Opening, Reaper Expand, Bio Tank 

Get SALT Encoding   

  12  0:00  SCV  
  13  0:12  SCV  
  14  0:17  Supply Depot  
  14  0:24  SCV  
  15  0:39  SCV  
  15  0:41  Barracks  
  16  0:45  Refinery  
  16  0:51  SCV  
  17  1:03  SCV  
  18  1:15  SCV  
  19  1:27  Orbital Command  
  19  1:29  Reaper  
  20  1:41  Command Center  
  20  1:49  Supply Depot  
  20  1:53  SCV  
  21  2:00  Marine  
  22  2:05  SCV  
  23  2:13  Factory  
  23  2:17  SCV  
  23  2:19  Refinery  
  25  2:27  Barracks Reactor  
  25  2:30  SCV  
  25  2:42  SCV  
  26  2:53  Orbital Command  
  26  2:54  SCV  
  26  2:57  Starport  
  27  3:03  Factory Tech Lab  
  29  3:06  SCV  
  29  3:07  Bunker  
  29  3:08  Supply Depot  
  30  3:18  SCV  
  31  3:20  SCV  
  31  3:23  Marine x2  
  31  3:25  Siege Tank  
  35  3:30  SCV  
  35  3:32  SCV  
  36  3:35  Liberator  
  36  3:42  SCV  
  36  3:44  SCV  
  38  3:49  Marine x2  
  38  3:54  SCV  
  43  3:56  SCV  
  44  4:05  Supply Depot  
  44  4:06  SCV  
  44  4:09  SCV  
  46  4:10  Marine x2  
  46  4:13  Siege Tank  
  51  4:18  SCV  
  51  4:21  SCV  
  51  4:23  Command Center  
  53  4:25  Liberator  
  53  4:27  Supply Depot  
  53  4:30  Marine x2  
  53  4:31  SCV  
  56  4:33  SCV  
  57  4:43  SCV  
  57  4:45  SCV  
  62  4:55  Refinery, SCV  
  62  4:57  Refinery, SCV  
  62  4:58  Barracks x2  
  64  5:07  Supply Depot, SCV  
  64  5:09  SCV  
  64  5:11  Engineering Bay  
  64  5:12  Engineering Bay  
  66  5:18  Marine  
  66  5:19  SCV  
  68  5:21  SCV  
  68  5:26  Starport Reactor  
  69  5:31  SCV  
  69  5:33  SCV  
  69  5:34  Barracks x2  
  69  5:35  Marine x2  
  72  5:40  SCV  
  74  5:43  SCV  
  74  5:45  SCV  
  77  5:50  Barracks Tech Lab x2  
  77  5:55  SCV  
  78  5:57  SCV  
  78  5:58  Terran Infantry Weapons Level 1, Terran Infantry Armor Level 1  
  78  5:59  Orbital Command  
  78  6:02  Marine x2  
  77  6:06  Supply Depot  
  77  6:07  SCV  
  77  6:09  Stimpack, Combat Shields  
  78  6:12  Siege Tank  
  78  6:15  SCV  
  82  6:19  SCV  
  82  6:20  Supply Depot  
  82  6:25  Barracks Reactor x2  
  83  6:27  SCV  
  83  6:30  Marine  
  83  6:31  Medivac  
  83  6:32  SCV  
  92  6:35  Medivac  
  92  6:36  Marine x2  
  92  6:41  Marine  
  93  6:48  Marine  
  94  6:54  Marine x2  
  94  6:56  Siege Tank  
  94  6:59  Marine, Orbital Command  
  94  7:00  Armory  
  100  7:03  Supply Depot  
  100  7:04  Supply Depot  
  100  7:06  Supply Depot, Marine x4  
  100  7:07  Marine  
  105  7:08  Supply Depot  
  105  7:09  Medivac x2  
  109  7:24  Marine x3  
  109  7:25  SCV x3  
  109  7:28  Marine  
  109  7:29  Marine, Siege Tank  
  120  7:35  Marine x2  
  122  7:37  Supply Depot, SCV  
  122  7:40  Supply Depot  
  123  7:48  Marine x3, Barracks  
  123  7:49  Marine x3, Barracks x2  
  129  7:53  Marine  
  129  7:54  Marine, SCV  
  129  7:56  Medivac  
  131  7:59  Medivac  
  131  8:01  Siege Tank  
  136  8:06  Marine x4  
  136  8:07  Marine  
  141  8:13  Marine x2  
  141  8:14  Marine  
  142  8:24  Marine  
  126  8:34  Siege Tank  
  111  8:40  Marine  
  100  8:50  Marine  
  100  8:51  Marine  
  100  8:52  Marine x8  
  100  8:54  Medivac x2  
  114  8:57  Terran Infantry Armor Level 2  
  114  8:58  Marine  
  114  8:59  Terran Infantry Weapons Level 2  
  114  9:02  Supply Depot, Refinery  
  115  9:03  Refinery, SCV x3  
  115  9:04  Supply Depot  
  115  9:06  Siege Tank  
  115  9:08  Marine  
  115  9:09  Marine x2  
  123  9:13  Marauder  
  123  9:15  SCV x2  
  123  9:16  SCV  
  129  9:17  Barracks Tech Lab x2  
  129  9:19  Marine x2  
  129  9:20  Marine  
  129  9:22  Barracks Tech Lab  
  132  9:27  Command Center, Marine, Marauder, SCV x2  
  132  9:29  Marine  
  138  9:32  Medivac  
  138  9:34  Medivac  
  142  9:40  Marine, Marauder  
  145  9:46  Marine x7  
  145  9:47  Marine  
  145  9:48  Marine  
  145  9:50  Siege Tank  
  156  9:57  Marine  
  157  10:01  Marine  
  157  10:02  Supply Depot x2, Medivac  
  157  10:04  Marine x7  
  157  10:05  Terran Vehicle Weapons Level 1  
  157  10:08  Marine  
  157  10:09  Concussive Shells  
  157  10:12  Marine  
  158  10:15  Marine  
  158  10:19  Marauder  
  161  10:21  Marine  
  161  10:22  Marine x2  
  161  10:24  Marine  
  161  10:25  Marine x2, Marauder  
  161  10:26  Marine  
  162  10:29  Marine  
  162  10:33  Marine  
  164  10:39  Marine  
  164  10:41  Marauder  
  166  10:43  Marine x3, Marauder x2  
  166  10:44  Marine  
  166  10:45  Marine  
  166  10:46  Medivac  
  166  10:47  Marine  
  177  10:52  Marine  
  177  10:57  Marine  
  177  11:00  Marine  
  177  11:01  Marine x3  
  177  11:02  Marauder  
  177  11:04  Marauder x3  
  186  11:05  Marine  
  187  11:34  Marine  
  187  11:35  Marine x6, Marauder  
  187  11:36  Marine  
  187  11:37  Marine, Marauder  
Tags
 
Add a new tag
Caveats
  • Supply blocks, unpowered buildings, or Contaminate may cause inaccurate times.
  • Supply counts are checked every 10 seconds.